 Dungeon Crawl Stone Soup version 0.23.1-37-gaa34b87b72 (webtiles) character file.

Game seed: 3269362088119845651

132 PentaManta the Shooter (level 4, -6/37 HPs)
             Began as a Centaur Hunter on Mar 20, 2019.
             Killed by divine providence
             ... invoked by an orc priest
              (12 damage)
             ... on level 4 of the Dungeon.
             The game lasted 00:03:05 (1128 turns).

PentaManta the Shooter (Centaur Hunter)             Turns: 1128, Time: 00:03:06

Health: -6/37      AC:  4    Str: 16    XL:     4   Next: 92%
Magic:  4/4        EV:  9    Int: 10    God:
Gold:   64         SH:  0    Dex:  9    Spells: 3/3 levels left

rFire    . . .     SeeInvis .   a - +1 shortbow
rCold    . . .     Gourm    .   (shield currently unavailable)
rNeg     . . .     Faith    .   c - +0 leather armour
rPois    .         Spirit   .   (no helmet)
rElec    .         Reflect  .   (no cloak)
rCorr    .         Harm     .   (no gloves)
MR       .....                  (no barding)
Stlth    +.........             (no amulet)
HPRegen  0.12/turn              (no ring)
MPRegen  0.09/turn              (no ring)

@: lethally poisoned (-6 -> -16), very quick
A: large, hooves 3, deformed body, speed 2, tough skin 3
a: no special abilities


You were on level 4 of the Dungeon.
You were not hungry.

You visited 1 branch of the dungeon, and saw 4 of its levels.

You collected 64 gold pieces.

Inventory:

Hand Weapons
 a - a +1 shortbow (weapon)
 b - a +0 short sword
Missiles
 d - 18 arrows (quivered)
Armour
 c - a +0 leather armour (worn)
Jewellery
 o - an uncursed amulet of faith {unknown}
Scrolls
 e - a scroll of enchant armour {unknown}
 h - a scroll of noise {unknown}
 i - a scroll of fog {unknown}
 j - 2 scrolls of amnesia {unknown}
 l - a scroll of identify {unknown}
Potions
 g - a potion of berserk rage {unknown}
 k - a potion of heal wounds {unknown}
 m - a potion of invisibility {unknown}
 n - a potion of might {unknown}
Comestibles
 f - 2 rations


   Skills:
 + Level 2.3 Fighting
 + Level 7.2 Bows
 + Level 1.1 Armour
 + Level 2.0 Dodging
 + Level 0.4 Stealth


You had 3 spell levels left.
You didn't know any spells.
Your spell library was empty.

Dungeon Overview and Level Annotations

Branches:
Dungeon (4/15)
 Temple: D:4-7

Altars:


Innate Abilities, Weirdness & Mutations

You have hooves in place of feet.
Armour fits poorly on your strangely shaped body.
You cover ground very quickly.
You have extremely tough skin. (AC +3)


Message History

* * * LOW HITPOINT WARNING * * *
You feel sick.
Unknown command.
Firing (i - inventory)
d - 20 arrows (quivered)
Press: ? - help, Shift-Dir - straight line, f - orc priest
Aim: an orc priest, wielding a +0 whip and wearing a +0 leather armour You shoot an arrow.
The arrow hits the orc priest.
The orc priest is moderately wounded.
* * * LOW HITPOINT WARNING * * *
You feel sick. The orc priest barely misses you.
Firing (i - inventory)
d - 19 arrows (quivered)
Press: ? - help, Shift-Dir - straight line, f/p - orc priest
Aim: an orc priest, wielding a +0 whip and wearing a +0 leather armour (moderately wounded)
You shoot an arrow. The arrow hits the orc priest.
The orc priest is severely wounded.
* * * LOW HITPOINT WARNING * * *
You feel sick.
The orc priest invokes the aid of Beogh against you.
Beogh smites you!
You die...

### #.#
##############.#
#........ao..oS#
#####..######o#
#### #..# #@#
...#####.o# #.#
##.......a# #.#
#.###.##.######.#
#.# #.##o....####
#.###.##S###.##
#.##.....o......
##.###....#.#.#..
...# #.##.....


You could see an orc priest, an adder and an orc.

Vanquished Creatures
  A howler monkey (D:4)
  A worker ant (D:4)
  3 adders
  An ooze (D:1)
  A dart slug (D:1)
  2 leopard geckos (D:1)
  An orc (D:4)
  4 bats
  A giant cockroach (D:1)
  2 goblins (D:1)
  6 hobgoblins (D:1)
  A jackal (D:1)
  5 kobolds (D:1)
  4 rats (D:1)
33 creatures vanquished.

Notes
Turn   | Place    | Note
-------+----------+-------------------------------------------
     0 | D:1      | PentaManta the Centaur Hunter began the quest for the Orb.
     0 | D:1      | Reached XP level 1. HP: 17/17 MP: 1/1
   141 | D:1      | Reached XP level 2. HP: 24/24 MP: 2/2
   171 | D:1      | Reached skill level 6 in Bows
   571 | D:1      | Reached XP level 3. HP: 7/29 MP: 3/3
   969 | D:4      | Reached skill level 7 in Bows
   969 | D:4      | Reached skill level 1 in Armour
   969 | D:4      | Reached XP level 4. HP: 26/36 MP: 4/4
  1128 | D:4      | Killed from afar by an orc priest

Skill      XL: |  1  2  3  4 |
---------------+-------------+-----
Bows           | 6 7 |  7.2
Armour         | 1 |  1.1
Dodging        | 2 |  2.0
Fighting       | |  2.3
Stealth        | |  0.4

Action                   |  1- 3 |  4- 6 || total
-------------------------+-------+-------++-------
 Fire: Shortbow          |   102 |    14 ||   116
Armor: Leather armour    |    26 |     3 ||    29
Dodge: Dodged            |    26 |     5 ||    31
